 Dungeon Crawl Stone Soup version 0.29.1-13-g9f3cf754e1 (webtiles) character file.

Game seed: 2239175619539822996

6799 Linkola the Cleaver (level 10, 0/86 HPs)
             Began as a Minotaur Fighter on Jan 16, 2023.
             Was a Priest of Wu Jian.
             Slain by an enormous slime creature (54 damage)
             ... on level 9 of the Dungeon on Jan 20, 2023.
             The game lasted 00:31:14 (8968 turns).

Linkola the Cleaver (Minotaur Fighter)              Turns: 8968, Time: 00:31:14

Health: 0/86       AC: 26    Str: 24    XL:     10   Next: 76%
Magic:  9/9        EV:  9    Int:  8    God:    Wu Jian [***...]
Gold:   619        SH: 11    Dex: 14    Spells: 9/9 levels left

rFire   + . .      SeeInvis .   a - +1 war axe (protect)
rCold   . . .      Faith    .   c - +0 buckler
rNeg    + . .      Spirit   .   v - +2 chain mail {rF+}
rPois   +          Reflect  +   (helmet restricted)
rElec   +          Harm     .   g - +2 cloak
rCorr   .          Rampage  .   h - +1 pair of gloves of Catatonia {rElec rPois Int+3 Dex+3}
Will    ++...                   j - +0 pair of boots
Stlth   ..........              r - amulet of reflection
HPRegen 0.24/turn               n - ring of willpower
MPRegen 0.11/turn               o - ring of positive energy

@: under a protective aura
A: horns 2, retaliatory headbutt, hooves 1, camouflage 1, strong-willed 1, noise
suppression
a: Renounce Religion, Wall Jump, Serpent's Lash


You were on level 9 of the Dungeon.
You worshipped Wu Jian.
Wu Jian was most pleased with you.
You visited 2 branches of the dungeon, and saw 10 of its levels.
You also visited: Sewer.

You collected 619 gold pieces.

Inventory:

Hand Weapons
 a - a +1 war axe of protection (weapon)
Missiles
 b - 9 boomerangs (quivered)
 q - 4 poisoned darts
 s - 6 curare-tipped darts
 x - 5 javelins
 y - 6 stones
 C - 6 datura-tipped darts
Armour
 c - a +0 buckler (worn)
 g - a +2 cloak (worn)
 h - the +1 pair of gloves of Catatonia (worn) {rElec rPois Int+3 Dex+3}
   (You acquired it on level 5 of the Dungeon)

   Int:       It affects your intelligence (+3).
   Dex:       It affects your dexterity (+3).
   rElec:     It insulates you from electricity.
   rPois:     It protects you from poison.
 j - a +0 pair of boots (worn)
 v - a +2 chain mail of fire resistance (worn)
Jewellery
 n - a ring of willpower (left hand)
 o - a ring of positive energy (right hand)
 r - an amulet of reflection (around neck)
Wands
 z - a wand of digging (3)
 D - a wand of roots (10)
Scrolls
 k - 6 scrolls of teleportation
 l - a scroll of fear
 u - a scroll of blinking
 w - 3 scrolls of identify
Potions
 d - 3 potions of might
 e - 4 potions of ambrosia
 f - 10 potions of curing
 i - a potion of flight {unknown}
 m - 4 potions of heal wounds
 p - 4 potions of haste
 t - 3 potions of berserk rage
 B - a potion of degeneration {unknown}


   Skills:
 + Level 7.1 Fighting
 + Level 11.1 Axes
 * Level 7.1 Throwing
 + Level 7.5 Armour
 + Level 3.3 Dodging
 + Level 7.0 Shields
 * Level 6.1 Evocations


You had 9 spell levels left.
You didn't know any spells.
Your spell library contained the following spells:

 Spells                   Type           Power      Damage    Failure   Level
 Apportation              Tloc           0%         N/A       97%         1
 Necrotise                Necr           0%         1d4       97%         1
 Summon Small Mammal      Summ           0%         N/A       97%         1
 Gell's Gravitas          Tloc           0%         N/A       100%        3
 Teleport Other           Tloc           0%         N/A       100%        3
 Dispersal                Tloc           0%         N/A       100%        6


Dungeon Overview and Level Annotations

Branches:
Dungeon (9/15)             Temple (1/1) D:4            Lair (0/5) D:8
    Orc (0/2) D:9           Sewer (visited)

Altars:
Ashenzari
Dithmenos
Elyvilon
Fedhas
Gozag
Kikubaaqudgha
Makhleb
Nemelex Xobeh
Okawaru
Qazlal
Ru
Sif Muna
Uskayaw
Vehumet
Wu Jian
Xom
Yredelemnul
Zin
The Shining One

Shops:
D:7 *   D:8 =

Annotations:
D:3 3 runed translucent doors, Svetislav95's ghost, amateur HuFi
D:9 3 runed translucent doors


Innate Abilities, Weirdness & Mutations

You have a pair of horns on your head.
You reflexively headbutt those who attack you in melee.
You have large cloven feet.
Your skin changes colour to match your surroundings (Stealth+).
You are strong-willed. (Will+)
You passively dampen the noise of your surroundings.


Message History

You slash the large slime creature!
The large slime creature is heavily wounded.
You hit the slime creature.
The slime creature hits you but does no damage.
A large slime creature splits.
You hit the large slime creature.
Your headbutt misses the large slime creature.
The large slime creature is heavily wounded.
You hit the slime creature. You block the slime creature's attack.
Two slime creatures merge to form a very large slime creature.
You slash the very large slime creature!
You headbutt the very large slime creature!
The very large slime creature is heavily wounded.
You hit the slime creature. You block the slime creature's attack.
The very large slime creature hits you!
Two slime creatures merge to form an enormous slime creature.
You spin and attack the slime creature.
You slash the slime creature! You headbutt the slime creature!
You kill the slime creature!
The Council accepts your kill.
A black bear comes into view.
The black bear growls angrily.
Throw: 9 boomerangs
Press: ? - help, Q - select action, (/) - cycle Shift-Dir - straight line, f - black bear
Aim: a black bear (72% to hit)
You throw a boomerang.
The boomerang hits the enormous slime creature.
The enormous slime creature is moderately wounded.
You lunge at the enormous slime creature.
You hit the enormous slime creature.
Your weapon exudes an aura of protection.
You headbutt the enormous slime creature!
The enormous slime creature is moderately wounded.
You block the enormous slime creature's attack.
You barely miss the enormous slime creature.
You headbutt the enormous slime creature.
The enormous slime creature is moderately wounded.
The enormous slime creature hits you!!!
Ouch! That really hurt!
You die...

.# #. #.# . #..###############.#
.. .................... #. ..
.................... #..#
##########.#..)........
###..######...hJ@....#...........
...............#####.............
.....†.......###..5###..........>
>..........###.......##.#######..
..........## ...###...#.## #..
..........#Z...# #..#..######..
..........#...# . #..#..........
..........+...# ..#.##.....)....
[.........+...# ..#.......####


You could see an enormous slime creature, a black bear and a white imp.

Vanquished Creatures
  3 death yaks (D:8)
  2 slime creatures (D:9)
  A wyvern (D:8)
  Sigmund (D:3)
  6 yaks (D:8)
  A steam dragon (D:8)
  Pargi (Sewer)
  A water moccasin (D:8)
  3 ice beasts
  A sky beast (D:6)
  A black bear (D:9)
  A centaur (D:8)
  An ogre (D:6)
  2 phantoms
  A kobold brigand (D:6)
  A necrophage (D:5)
  4 bullfrogs
  A water moccasin zombie (D:4)
  7 wights
  9 killer bees
  3 howler monkeys (D:8)
  2 electric eels (D:7)
  A crimson imp (D:6)
  3 hounds
  A centaur zombie (D:4)
  5 orc priests
  A jelly (D:6)
  2 gnoll boudas
  A human zombie (D:4)
  Jessica (D:3)
  3 iguanas
  2 hell rats (D:8)
  4 orc wizards
  A scorpion zombie (D:4)
  A hound zombie (D:4)
  2 mummies (D:4)
  10 adders
  13 gnolls
  A river rat (D:8)
  2 shadow imps
  2 ufetubi
  2 adder zombies (D:4)
  15 dart slugs
  20 orcs
  7 ball pythons
  4 bats
  4 endoplasms
  A giant cockroach (D:1)
  6 goblins
  5 hobgoblins
  A jackal (Sewer)
  6 quokkas
  2 frilled lizards (D:3)
  A jackal zombie (D:4)
  5 kobolds
  6 rats
194 creatures vanquished.

Vanquished Creatures (others)
  2 plants (D:2)
2 creatures vanquished.

Grand Total: 196 creatures vanquished

Notes
Turn   | Place    | Note
-------+----------+-------------------------------------------
     0 | D:1      | Linkola the Minotaur Fighter began the quest for the Orb.
     0 | D:1      | Reached XP level 1. HP: 19/19 MP: 0/0
   306 | D:1      | Reached XP level 2. HP: 26/27 MP: 1/1
  1112 | D:2      | Reached XP level 3. HP: 33/33 MP: 2/2
  1133 | D:2      | Reached skill level 1 in Evocations
  1203 | D:2      | Reached skill level 1 in Throwing
  1319 | D:2      | Reached skill level 3 in Axes
  1377 | D:2      | Reached XP level 4. HP: 40/40 MP: 3/3
  1637 | D:2      | Found a faded altar of an unknown god.
  1931 | D:3      | Found a glowing drain.
  1951 | Sewer    | Entered a sewer
  2012 | Sewer    | Noticed Pargi
  2019 | Sewer    | Killed Pargi
  2020 | Sewer    | Reached XP level 5. HP: 37/46 MP: 4/4
  2187 | D:3      | Reached skill level 4 in Axes
  2239 | D:3      | Found a runed translucent gate.
  2239 | D:3      | Found a runed translucent gate.
  2239 | D:3      | Found a runed translucent gate.
  2241 | D:3      | Found an opulent altar of Gozag.
  2241 | D:3      | Noticed a water moccasin
  2242 | D:3      | Noticed Svetislav95's ghost (amateur HuFi)
  2302 | D:3      | Found a shadowy altar of Dithmenos.
  2616 | D:3      | Noticed Sigmund
  2628 | D:3      | Killed Sigmund
  2629 | D:3      | Reached skill level 5 in Armour
  2629 | D:3      | Reached skill level 1 in Dodging
  2629 | D:3      | Reached XP level 6. HP: 41/52 MP: 5/5
  2771 | D:3      | Noticed Jessica
  2775 | D:3      | Killed Jessica
  2800 | D:3      | Gained mutation: You are strong-willed. (Will+) [potion of
                  | mutation]
  2800 | D:3      | Gained mutation: You have large cloven feet. [potion of
                  | mutation]
  2800 | D:3      | Gained mutation: Your skin changes colour to match your
                  | surroundings (Stealth+). [potion of mutation]
  2800 | D:3      | Gained mutation: You passively dampen the noise of your
                  | surroundings. [potion of mutation]
  3243 | D:4      | Reached skill level 5 in Axes
  3528 | D:4      | Noticed an ice beast
  3546 | D:4      | Killed an ice beast
  3547 | D:4      | Reached XP level 7. HP: 43/60 MP: 6/6
  3554 | D:4      | Found a staircase to the Ecumenical Temple.
  3566 | Temple   | Entered the Ecumenical Temple
  3635 | Temple   | Became a worshipper of the Wu Jian Council
  3981 | D:4      | Found a basalt altar of Yredelemnul.
  4057 | D:5      | Entered Level 5 of the Dungeon
  4394 | D:5      | Found an opulent altar of Gozag.
  4477 | D:5      | Identified a scroll of acquirement
  4477 | D:5      | Acquired the +1 pair of gloves of Catatonia {rElec rPois
                  | Int+3 Dex+3}
  4900 | D:6      | Reached skill level 6 in Axes
  4900 | D:6      | Reached XP level 8. HP: 63/67 MP: 7/7
  4991 | D:6      | Reached * piety under Wu Jian
  5577 | D:6      | Found a burning altar of Makhleb.
  5729 | D:6      | Reached skill level 5 in Shields
  5778 | D:6      | Reached skill level 5 in Fighting
  5899 | D:6      | Reached skill level 7 in Axes
  6300 | D:7      | Reached ** piety under Wu Jian
  6661 | D:7      | Found a glowing golden altar of the Shining One.
  6710 | D:7      | Reached XP level 9. HP: 55/74 MP: 8/8
  6947 | D:7      | Reached skill level 8 in Axes
  6947 | D:7      | Reached skill level 5 in Throwing
  7040 | D:7      | Found Becsut's General Store.
  7633 | D:8      | Found a broken altar of Ashenzari.
  7652 | D:8      | Noticed a death yak
  7653 | D:8      | Noticed a death yak
  7671 | D:8      | Reached skill level 9 in Axes
  7684 | D:8      | Killed a death yak
  7685 | D:8      | Reached skill level 5 in Evocations
  7901 | D:8      | Upgraded the game from 0.29.1-12-g30fa7ad0bf to
                  | 0.29.1-13-g9f3cf754e1
  7969 | D:8      | Reached skill level 10 in Axes
  7969 | D:8      | Reached XP level 10. HP: 71/83 MP: 9/9
  8060 | D:8      | Found Kueffiep's Jewellery Shop.
  8150 | D:8      | Noticed a death yak
  8172 | D:8      | Killed a death yak
  8172 | D:8      | Reached *** piety under Wu Jian
  8192 | D:8      | Killed a death yak
  8215 | D:8      | Found a staircase to the Lair.
  8719 | D:9      | Found a staircase to the Orcish Mines.
  8867 | D:9      | Found a runed translucent gate.
  8867 | D:9      | Found a runed translucent gate.
  8867 | D:9      | Found a runed translucent gate.
  8946 | D:9      | Reached skill level 11 in Axes
  8968 | D:9      | Slain by an enormous slime creature

Illustrated notes

Levels and vault maps discovered:
D:1:      spicycebolla_arrival_transporter_tutorial, layout_basic,
          grunt_decor_one_mirror
D:2:      layout_basic, serial_forest, infiniplex_forest_zigzag_2,
          infiniplex_forest_lined_1, infiniplex_forest_corner_1,
          infiniplex_forest_join, infiniplex_forest_lined_1,
          infiniplex_forest_lined_corner, infiniplex_forest_end_1,
          infiniplex_forest_lined_3_way, infiniplex_forest_straight_2,
          hellmonk_ecumenical_altar_heavens_door, minmay_small_reverse_x
D:3:      layout_basic, nicolae_dithmenos_shadow_blocks, serial_rivers,
          chequers_serial_rivers_marsh, chequers_serial_rivers_small_a,
          chequers_serial_rivers_micro_d, chequers_serial_rivers_small_3,
          chequers_serial_rivers_small_a, cheibrodos_sewer_entry_drain,
          ebering_ghost_gozag, minmay_strange_pillars, minivault_25,
          minmay_misc_feat_square, kennysheep_jessica_study, uniq_sigmund
D:4:      layout_loops_ring, lemuel_mausoleum_altar_yredelemnul,
          minmay_temple_entry_sparse_star
D:5:      layout_rooms, grunt_gozag_breadcrumbs, serial_co_window_serial,
          co_window_paths_a, co_window_cross_1, co_window_paths_b,
          co_window_corner_a, co_window_of_opportunity_a, co_window_paths_b,
          co_window_paths_a, co_window_cross_2, co_window_corner_b,
          co_window_corner_ca, glass_columns_a, glass_columns_c,
          glass_columns_b, dreamdust_wishing_well
D:6:      layout_loops_cross, makhleb_grotto_becter, minmay_puff
D:7:      kennysheep_slugbush, layout_loops_ring,
          nicolae_tso_swordbearing_angel, serial_shops, shop_fountains
D:8:      layout_gridville, mainiacjoe_overflow_alcove_1, dpeg_lair_monsters,
          serial_shops, shop
D:9:      layout_long_grid, trog_ov_bears_minmay, orc_0_dummy,
          gammafunk_ghost_icy, serial_shops, nicolae_shop_stone
Temple:   compressed_dpeg_triangle_lava_temple

Skill      XL: |  1  2  3  4  5  6  7  8  9 10 |
---------------+-------------------------------+-----
Armour         | 4 5 6 7 |  7.5
Evocations     | 1 2 3 4 5 6 |  6.1
Throwing       | 1 2 3 4 5 7 |  7.1
Shields        | 4 5 6 7 |  7.0
Fighting       | 4 5 6 7 |  7.1
Axes           | 3 4 5 6 7 10 11 | 11.1
Dodging        | 1 2 3 |  3.3

Action                   |  1- 3 |  4- 6 |  7- 9 | 10-12 || total
-------------------------+-------+-------+-------+-------++-------
Melee: War axe           |    74 |   100 |   312 |   106 ||   592
       Headbutt          |     6 |    14 |    57 |    31 ||   108
Throw: Stone             |       |    15 |    19 |       ||    34
       Boomerang         |       |     1 |    21 |    14 ||    36
Invok: Lunge             |       |       |    14 |     1 ||    15
       Whirlwind         |       |       |     8 |     1 ||     9
  Use: Scroll            |     5 |     9 |     4 |     2 ||    20
       Potion            |       |     1 |       |       ||     1
Armor: Scale mail        |    35 |    16 |       |       ||    51
       Chain mail        |       |    29 |   138 |    32 ||   199
       Plate armour      |       |       |    23 |       ||    23
Dodge: Dodged            |    43 |    28 |    96 |    23 ||   190
Block: Buckler           |    17 |    36 |   148 |    42 ||   243
       Reflection        |       |     1 |     3 |       ||     4
